 Dungeon Crawl Stone Soup version 0.21-a0-522-ga8338f0 (webtiles) character file.

275 4thArraOfDagon the Skirmisher (level 6, -4/51 HPs)
             Began as a Hill Orc Enchanter on Dec 6, 2017.
             Was an Initiate of Hepliaklqana.
             Killed from afar by a white imp (8 damage)
             ... with a puff of frost
             ... on level 1 of the Abyss.
             The game lasted 00:05:33 (1639 turns).

4thArraOfDagon the Skirmisher (Hill Orc Enchanter)  Turns: 1639, Time: 00:05:33

Health: -4/51      AC:  8    Str: 16    XL:     6   Next: 24%
Magic:  8/8        EV: 12    Int: 17    God:    Hepliaklqana [......]
Gold:   118        SH:  0    Dex: 16    Spells: 7/8 levels left

rFire    + . .     SeeInvis .   t - +0 war axe
rCold    . . .     Gourm    .   (no shield)
rNeg     . . .     Faith    .   m - +0 chain mail
rPois    .         Spirit   .   (no helmet)
rElec    .         Reflect  .   (no cloak)
rCorr    .         Harm     .   (no gloves)
MR       .....                  (no boots)
Stlth    ..........             (no amulet)
HPRegen  0.17/turn              p - ring of loudness
MPRegen  0.11/turn              f - ring of protection from fire

@: mighty, agile
A: reduced essence
a: Recall Ancestor, Ancestor Identity, Renounce Religion


You were on level 1 of the Abyss.
You worshipped Hepliaklqana.
Hepliaklqana was noncommittal.
You were not hungry.

You visited 2 branches of the dungeon, and saw 6 of its levels.
You visited the Abyss 1 time.

You collected 118 gold pieces.

Inventory:

Hand Weapons
 a - a +1 dagger
 e - a +3 spear of distortion
 t - a +0 war axe (weapon)
Armour
 b - a +0 robe
 g - a +0 plate armour
 m - a +0 chain mail (worn)
Jewellery
 f - a ring of protection from fire (right hand)
 j - a +3 ring of intelligence
 o - a +5 ring of dexterity {unknown}
 p - a ring of loudness (left hand)
Wands
 r - a wand of paralysis (1)
Scrolls
 h - 2 scrolls of enchant weapon
Potions
 l - a potion of curing
Books
 c - a book of Maledictions

   Spells                             Type                      Level
   a - Corona                         Hexes                        1
   b - Ensorcelled Hibernation        Hexes/Ice                    2
   c - Confuse                        Hexes                        3
   d - Tukima's Dance                 Hexes                        3
   e - Dazzling Spray                 Conjuration/Hexes            3
 s - a book of Geomancy

   Spells                             Type                      Level
   a - Sandblast                      Earth                        1
   b - Passwall                       Transmutation/Earth          2
   c - Stone Arrow                    Conjuration/Earth            3
   d - Petrify                        Transmutation/Earth          4
   e - Lee's Rapid Deconstruction     Earth                        5
Comestibles
 d - 4 bread rations
 q - a meat ration


   Skills:
 + Level 6.2 Fighting
 - Level 1.0 Short Blades
 * Level 3.5 Axes
 - Level 1.5 Dodging
 - Level 2.4 Stealth
 - Level 1.5 Spellcasting
 - Level 3.0 Hexes


You had 7 spell levels left.
You knew the following spells:

 Your Spells              Type           Power        Failure   Level  Hunger
a - Corona                Hex            ##.....      77%         1    ##.....


Dungeon Overview and Level Annotations

Branches:
Dungeon (5/15)             Temple (1/1) D:5

Altars:
Ashenzari
Cheibriados
Fedhas
Gozag
Hepliaklqana
Kikubaaqudgha
Makhleb
Sif Muna
Trog
Uskayaw
Wu Jian
Xom
The Shining One

Annotations:
D:5 Fingolfin's ghost, novice TrBe


Message History

Your chain mail prevents you from hitting the ynoxinul.
You slash the white imp!
The white imp hits you but does no damage.
The ynoxinul completely misses you.
Unknown command.
You slash the ynoxinul!
The ynoxinul is moderately wounded.
You barely miss the white imp. The white imp misses you.
The ynoxinul gestures at you. The iron shot hits you!
Ouch! That really hurt!
* * * LOW HITPOINT WARNING * * *
Unknown command.
You closely miss the ynoxinul.
The ynoxinul is moderately wounded.
You barely miss the white imp. The white imp misses you.
The ynoxinul hits you but does no damage.
The white imp gestures at you. The puff of frost hits you!
You die...

.# ....#.
.#.##......###.
.
.............#
#...... ### #
#.##.# .#
#.##.#..#
#..#.# .#
#.3#5#.##
#).@.#.# #..#.#
# ..... .#.#
#.##..#.# #
#..#.# #..#.#
##.#.# #. .#


You could see a ynoxinul and a white imp.

Vanquished Creatures
  A neqoxec (Abyss:1)
  An orc wizard (D:5)
  A worker ant (D:4)
  2 worms (D:4)
  The ghost of 4thArraOfDagon the Vexing, a weakling HOEn (D:3)
  2 dart slugs
  A ball python (D:4)
  A bat (D:1)
  2 giant cockroaches
  7 goblins
  3 hobgoblins (D:2)
  A quokka (D:3)
  2 frilled lizards
  6 kobolds
  2 rats
33 creatures vanquished.

Vanquished Creatures (others)
  An orc wizard (D:5)
  A worker ant (D:4)
2 creatures vanquished.

Grand Total: 35 creatures vanquished

Notes
Turn   | Place    | Note
-------+----------+-------------------------------------------
     0 | D:1      | 4thArraOfDagon the Hill Orc Enchanter began the quest for the Orb.
     0 | D:1      | Reached XP level 1. HP: 14/14 MP: 3/3
    89 | D:1      | Reached skill level 1 in Fighting
   111 | D:1      | Reached skill level 2 in Fighting
   111 | D:1      | Reached XP level 2. HP: 16/24 MP: 1/4
   548 | D:2      | Reached skill level 3 in Fighting
   582 | D:3      | Noticed 4thArraOfDagon's ghost (weakling HOEn)
   603 | D:3      | Killed 4thArraOfDagon's ghost
   603 | D:3      | Reached XP level 3. HP: 31/31 MP: 5/5
   705 | D:4      | Reached skill level 4 in Fighting
   712 | D:4      | Reached XP level 4. HP: 25/41 MP: 6/6
   783 | D:4      | Found a shattered altar of Ashenzari.
   830 | D:5      | Entered Level 5 of the Dungeon
   837 | D:5      | Noticed Fingolfin's ghost (novice TrBe)
   912 | D:5      | Reached skill level 5 in Fighting
   923 | D:5      | Reached XP level 5. HP: 11/50 MP: 7/7
  1283 | D:5      | Found a staircase to the Ecumenical Temple.
  1289 | Temple   | Entered the Ecumenical Temple
  1322 | Temple   | Became a worshipper of Hepliaklqana the Forgotten
  1569 | D:4      | Cast into level 1 of the Abyss (a distortion unwield)
  1586 | Abyss:1  | Noticed a ynoxinul
  1611 | Abyss:1  | Noticed a neqoxec
  1629 | Abyss:1  | Noticed a ynoxinul
  1631 | Abyss:1  | Killed a neqoxec
  1631 | Abyss:1  | Reached skill level 6 in Fighting
  1631 | Abyss:1  | Reached XP level 6. HP: 49/51 MP: 8/8
  1639 | Abyss:1  | Killed from afar by a white imp

Vault maps used:
D:1:      kilobyte_arrival_exit_the_forest
D:2:      first_bread
D:3:      nicolae_overflow_hidden_temple, fedhas_altar_3
D:4:      minmay_goblin_kobold_castle, hangedman_decor_slide_cut,
          cheibrodos_ashenzari_chains
D:5:      kennysheep_mini_moat, minmay_temple_entry_fiery
Temple:   nicolae_temple_elliptical

Skill      XL: |  1  2  3  4  5 |
---------------+----------------+-----
Fighting       | 2 3 4 5 6 |  6.2
Axes           | 3 |  3.5
Short Blades   | |  1.0
Dodging        | |  1.5
Stealth        | |  2.4
Spellcasting   | |  1.5
Hexes          | |  3.0

Action                   |  1- 3 |  4- 6 || total
-------------------------+-------+-------++-------
Melee: Dagger            |    13 |       ||    13
       Spear             |    51 |    42 ||    93
       War axe           |       |    12 ||    12
 Cast: Corona            |     3 |       ||     3
Invok: Recall Ancestor   |       |     1 ||     1
Evoke: Wand              |       |    11 ||    11
  Use: Potion            |     3 |     6 ||     9
       Scroll            |     3 |     4 ||     7
 Stab: Paralysed         |       |     6 ||     6
       Invisible         |       |     1 ||     1
  Eat: Fruit             |       |     4 ||     4
Armor: Robe              |     2 |       ||     2
       Plate armour      |    13 |       ||    13
       Chain mail        |     8 |    41 ||    49
       Skin              |       |     4 ||     4
Dodge: Dodged            |     8 |    19 ||    27

Table legend:
 A = Spawn XP
 B = Non-spawn XP
 C = Spawn XP percentage of total XP
 D = Spawn monster count
 E = Non-spawn monster count
 F = Spawn count percentage of total count
 G = Total turns spent on level
                    A         B        C        D         E        F      G
               +---------+---------+-------+---------+---------+-------+---------
         Total |     189 |     204 |  48.1 |       1 |      34 |   2.9 |  1639
               +---------+---------+-------+---------+---------+-------+---------
           D:1 |       0 |      11 |   0.0 |       0 |       5 |   0.0 |   173
           D:2 |       0 |      20 |   0.0 |       0 |      11 |   0.0 |   406
           D:3 |       0 |      11 |   0.0 |       0 |       5 |   0.0 |    83
           D:4 |       0 |      79 |   0.0 |       0 |      10 |   0.0 |   320
           D:5 |       0 |      83 |   0.0 |       0 |       3 |   0.0 |   539
       Abyss:1 |     189 |       0 | 100.0 |       1 |       0 | 100.0 |    70
               +---------+---------+-------+---------+---------+-------+---------
